Map: Dusty Gorge

Players

MonstroTown - Winner!

  • Race: Terran Terran
  • Spawn Location: 5:00

Michael - Winner!

  • Race: Zerg Zerg
  • League: Gold
  • Spawn Location: 3:00

frozenee

  • Race: Terran Terran
  • Spawn Location: 9:00

nPHawK

  • Race: Protoss Protoss
  • League: Diamond
  • Spawn Location: 11:00

VOD

Have the link to the VOD?

Description

Time

  • Played on: Sept. 8, 2018, 10:43 p.m.
  • Length: 11:41
Show
View Real Time Build Order
Export as new Build Order

MonstroTown Terran - Winner!

Build Orders: Reaper Expand, MMM Bio 

Get SALT Encoding   

  12  0:01  SCV  
  13  0:13  SCV  
  14  0:18  Supply Depot  
  14  0:25  SCV  
  15  0:40  SCV  
  15  0:41  Barracks  
  16  0:46  Refinery  
  16  0:52  SCV  
  17  1:04  SCV  
  18  1:16  SCV  
  19  1:29  Orbital Command  
  19  1:30  Reaper  
  20  1:49  Command Center  
  20  1:54  SCV  
  21  2:02  Barracks Reactor  
  21  2:09  SCV, Refinery  
  21  2:11  Supply Depot  
  22  2:26  SCV  
  23  2:35  Factory  
  23  2:38  SCV  
  23  2:40  Marine x2  
  26  2:50  SCV  
  27  2:58  Supply Depot, Barracks  
  26  3:03  SCV  
  26  3:04  Orbital Command  
  27  3:15  SCV  
  27  3:19  Engineering Bay, Marine  
  29  3:21  Factory Tech Lab  
  30  3:27  SCV  
  30  3:38  SCV  
  30  3:39  SCV  
  30  3:40  Starport  
  32  3:46  Barracks Tech Lab  
  32  3:47  Marine x2  
  34  3:51  SCV  
  34  3:54  Terran Infantry Weapons Level 1  
  35  4:04  SCV x2  
  37  4:11  Marine x2  
  37  4:12  Marine  
  37  4:13  Siege Tank  
  37  4:16  SCV  
  44  4:20  Starport Tech Lab  
  44  4:25  Engineering Bay  
  44  4:27  SCV, Supply Depot  
  44  4:30  Marauder  
  44  4:31  Stimpack  
  47  4:33  Marine  
  48  4:47  Siege Tank  
  48  4:51  SCV x2  
  53  4:54  Refinery  
  53  4:56  Terran Infantry Armor Level 1  
  53  5:00  Marine  
  53  5:01  Marauder, Marine  
  53  5:03  SCV  
  58  5:11  Barracks  
  58  5:13  SCV  
  59  5:14  Barracks  
  59  5:15  SCV  
  59  5:18  Refinery  
  59  5:19  Marine  
  61  5:25  SCV  
  62  5:30  Armory  
  62  5:43  Missile Turret  
  62  5:45  Supply Depot x2  
  62  5:49  Siege Tank, SCV x2, Marine  
  70  6:02  Marine  
  70  6:09  Barracks Reactor  
  70  6:10  Barracks Tech Lab, Marine  
  70  6:11  Marine  
  66  6:24  Marine  
  66  6:25  Siege Tank  
  66  6:26  Raven  
  66  6:28  Marine  
  64  6:38  Marine x2  
  61  6:41  Terran Infantry Weapons Level 2  
  61  6:51  Barracks, Starport  
  61  6:54  Barracks  
  61  7:05  Command Center  
  61  7:09  Marine x2  
  61  7:10  Marauder  
  61  7:11  Siege Tank  
  68  7:17  Marine x2  
  68  7:22  Marine  
  71  7:27  Marine x2  
  73  7:31  Marine  
  73  7:33  Raven  
  73  7:34  Marine  
  77  7:43  Terran Infantry Armor Level 2  
  77  7:46  Combat Shields  
  77  7:47  Concussive Shells  
  77  7:51  Barracks Tech Lab  
  77  7:59  Marine x4  
  77  8:01  Barracks Tech Lab  
  77  8:02  Marauder x2  
  85  8:11  Marine  
  86  8:17  Marine x3  
  86  8:18  Supply Depot x2  
  86  8:19  SCV, Supply Depot  
  90  8:22  Orbital Command  
  90  8:31  SCV  
  90  8:32  SCV, Marine x4  
  96  8:36  Terran Vehicle Weapons Level 1  
  96  8:37  Marine  
  96  8:38  Marine  
  98  8:43  Raven  
  100  8:58  Marine x4  
  100  8:59  Marauder x2  
  108  9:08  Siege Tank  
  111  9:15  Fusion Core  
  111  9:28  Marine  
  111  9:29  Marine x5  
  111  9:30  Raven, Marine  
  120  9:43  Marine  
  119  9:46  Marine x2  
  119  9:47  Marine  
  119  9:48  Marine x2  
  119  9:49  Marine x2  
  126  10:01  Marine  
  126  10:04  Marine x3  
  112  10:15  Marine x4  
  112  10:19  Marine  
  108  10:28  Marine  
  108  10:29  Marine x2  
  108  10:30  Medivac x2  
  108  10:33  Marine  
  108  10:34  Marauder x2  
  109  10:47  Marine x3  
  109  10:48  Marine x2  
  113  10:51  Supply Depot  
  113  10:53  Supply Depot  
  112  11:00  Medivac  
  113  11:07  Marine x3  
  113  11:08  Marine  
  113  11:10  SCV  
  110  11:14  Command Center  
Show
View Real Time Build Order
Export as new Build Order

Michael Zerg - Winner!

Build Orders: Hatch First 

Get SALT Encoding   

  12  0:01  Drone  
  13  0:12  Overlord  
  13  0:18  Drone  
  14  0:31  Drone x2  
  14  0:35  Drone  
  17  0:45  Drone  
  18  0:59  Hatchery  
  18  1:01  Drone  
  18  1:05  Extractor  
  17  1:16  Spawning Pool  
  16  1:20  Drone  
  16  1:23  Drone  
  18  1:29  Drone  
  19  1:39  Drone  
  20  1:49  Overlord  
  20  2:03  Queen  
  22  2:10  Metabolic Boost  
  22  2:12  Zergling x6  
  25  2:17  Queen  
  25  2:21  Drone  
  28  2:25  Drone  
  29  2:32  Drone  
  29  2:34  Drone  
  31  2:43  Drone  
  32  2:57  Roach Warren, Lair  
  31  3:03  Evolution Chamber  
  31  3:04  Drone x2  
  33  3:05  Drone  
  33  3:14  Queen  
  34  3:37  Extractor  
  34  3:41  Zerg Ground Armor Level 1  
  33  3:42  Drone x2  
  33  3:43  Drone  
  33  3:46  Overlord x2  
  33  3:47  Overlord  
  36  4:04  Queen  
  38  4:13  Drone x7  
  45  4:23  Glial Reconstitution  
  45  4:30  Hydralisk Den  
  44  4:32  Spore Crawler  
  44  4:34  Drone  
  44  4:35  Drone  
  44  4:36  Drone  
  44  4:38  Spore Crawler  
  45  4:40  Drone  
  45  4:41  Drone  
  45  4:43  Drone  
  48  4:46  Extractor x2  
  48  4:48  Drone  
  48  4:50  Drone  
  48  4:52  Drone  
  49  4:57  Spore Crawler  
  48  5:01  Spore Crawler  
  48  5:05  Drone  
  48  5:06  Spine Crawler  
  47  5:07  Drone  
  47  5:09  Drone  
  47  5:11  Drone  
  47  5:13  Drone  
  51  5:15  Drone  
  52  5:24  Muscular Augments  
  52  5:26  Roach  
  56  5:28  Roach  
  56  5:32  Overlord  
  56  5:35  Zerg Missile Weapons Level 1  
  56  5:36  Overlord  
  56  5:44  Roach x2  
  60  5:51  Overlord x2  
  60  6:08  Roach x2  
  60  6:09  Roach x5  
  73  6:20  Roach x3  
  75  6:37  Roach x6  
  85  7:00  Hatchery  
  82  7:23  Hydralisk x5  
  92  7:32  Overlord x2  
  92  7:33  Overlord x4  
  88  7:47  Hydralisk  
  88  7:48  Hydralisk x2  
  76  8:01  Hydralisk x2  
  70  8:05  Hydralisk x2  
  72  8:14  Queen  
  72  8:17  Drone x3  
  77  8:29  Grooved Spines, Hatchery  
  77  8:30  Zerg Missile Weapons Level 2  
  76  8:37  Infestation Pit, Hydralisk  
  76  8:39  Roach  
  79  8:43  Roach  
  79  8:46  Roach  
  83  8:48  Drone x2  
  83  8:55  Drone x3  
  86  8:56  Drone  
  86  8:58  Drone  
  86  9:00  Drone  
  86  9:01  Drone  
  74  9:24  Hydralisk x4  
  74  9:25  Hydralisk x2  
  74  9:26  Hydralisk  
  74  9:29  Roach  
  84  9:43  Hydralisk x5  
  90  9:52  Spire  
  87  10:01  Drone x3  
  87  10:04  Extractor  
  87  10:05  Extractor  
  88  10:10  Hive  
  88  10:14  Roach x3  
  92  10:17  Roach  
  96  10:24  Hydralisk x2  
  96  10:25  Hydralisk  
  102  10:29  Roach  
  102  10:30  Roach  
  102  10:32  Hydralisk  
  108  10:40  Roach x2  
  108  10:41  Roach x2  
  116  10:43  Roach  
  118  10:59  Hydralisk  
  118  11:00  Hydralisk x5  
  118  11:02  Roach  
  132  11:13  Roach x5  
  132  11:15  Roach  
  132  11:16  Roach  
Show
View Real Time Build Order
Export as new Build Order

frozenee Terran 

Build Orders: Command Center First (CC) 

Get SALT Encoding   

  12  0:01  SCV  
  13  0:13  SCV  
  14  0:18  Supply Depot  
  14  0:25  SCV  
  15  0:36  Refinery  
  15  0:40  SCV  
  16  0:52  SCV  
  17  1:04  SCV  
  18  1:16  Command Center  
  19  1:18  SCV  
  19  1:31  Barracks  
  19  1:35  SCV  
  20  1:53  SCV  
  21  1:56  Engineering Bay  
  21  2:05  SCV  
  22  2:17  SCV  
  22  2:20  Factory  
  23  2:23  Marine  
  23  2:31  Orbital Command  
  22  3:04  Command Center, SCV  
  19  3:20  SCV  
  19  3:21  Marine  
  19  3:23  Hellion  
  23  3:52  Starport  
  23  4:07  Command Center  
  23  4:16  SCV, Hellion  
  26  4:21  Marine  
  27  4:27  Orbital Command  
  27  4:28  SCV  
  28  4:33  Starport Tech Lab  
  28  4:40  SCV  
  28  4:42  Marine  
  30  4:50  Factory Tech Lab  
  31  4:52  SCV  
  31  4:53  SCV  
  32  5:01  Command Center  
  32  5:04  SCV  
  32  5:05  SCV  
  34  5:14  Bunker  
  34  5:17  SCV x2  
  34  5:19  Missile Turret  
  36  5:21  Missile Turret  
  36  5:23  SCV  
  37  5:29  SCV  
  37  5:31  Marine  
  37  5:32  Corvid Reactor  
  39  5:37  Banshee  
  39  5:38  SCV  
  43  5:45  SCV  
  43  5:49  Supply Depot  
  44  5:50  SCV  
  45  5:57  Planetary Fortress, SCV  
  38  6:27  SCV  
  38  6:28  SCV x2  
  38  6:30  Siege Tank, Banshee  
  38  6:31  Marine  
  45  6:35  Command Center  
  45  6:39  SCV  
  45  6:43  SCV  
  45  6:44  SCV  
  47  6:57  Refinery  
  47  6:59  Refinery x2  
  46  7:05  SCV x2  
  46  7:06  SCV  
  46  7:17  SCV  
  46  7:18  SCV  
  46  7:21  Refinery  
  46  7:22  SCV, Refinery  
  49  7:29  Banshee  
  46  7:33  SCV x2  
  46  7:34  SCV x2  
  46  7:36  Command Center  
  43  7:45  SCV  
  43  7:46  SCV x3  
  44  7:54  Engineering Bay  
  44  7:58  SCV x4  
  42  8:10  SCV x4  
  46  8:17  Banshee  
  49  8:22  Siege Tank, SCV  
  53  8:29  Barracks  
  53  8:39  SCV x4  
  57  8:47  Refinery  
  57  8:48  SCV  
  57  8:51  SCV x3, Refinery  
  57  8:52  SCV  
  62  8:56  Siege Tank  
  62  9:00  Planetary Fortress  
  65  9:03  SCV  
  65  9:04  SCV  
  67  9:16  SCV x2  
  64  9:27  SCV x2  
  64  9:28  SCV  
  64  9:30  Planetary Fortress  
  67  9:35  SCV, Refinery  
  68  9:39  SCV  
  68  9:40  SCV x2  
  68  9:43  Banshee  
  68  9:44  Siege Tank  
  74  9:47  SCV  
  74  9:51  SCV  
  76  9:59  SCV  
  77  10:01  SCV x2  
  77  10:04  SCV  
  80  10:10  SCV, Starport  
  80  10:11  SCV  
  80  10:12  Starport  
  80  10:13  SCV  
  80  10:14  SCV  
  84  10:16  Siege Tank, SCV  
  88  10:22  SCV  
  88  10:23  SCV  
  88  10:26  SCV  
  91  10:35  SCV x2  
  92  10:36  Bunker  
  92  10:37  Banshee  
  92  10:38  SCV  
  92  10:41  SCV  
  98  10:44  Barracks Tech Lab  
  98  11:04  Siege Tank  
  98  11:10  SCV x5  
  98  11:11  Starport Tech Lab  
  97  11:22  SCV  
Show
View Real Time Build Order
Export as new Build Order

nPHawK Protoss 

Build Orders: Zealot Archon 

Get SALT Encoding   

  12  0:00  Probe  
  13  0:13  Probe  
  14  0:19  Pylon  
  14  0:25  Probe  
  15  0:37  Probe  
  15  0:38  Gateway  
  17  0:50  Probe, Pylon  
  17  1:00  Gateway  
  17  1:07  Assimilator  
  17  1:09  Probe  
  18  1:21  Probe  
  19  1:26  Zealot  
  19  1:31  Cybernetics Core  
  21  1:35  Warp Gate  
  21  1:48  Zealot  
  21  1:53  Zealot  
  26  1:54  Probe  
  26  2:06  Pylon  
  26  2:22  Stalker  
  28  2:35  Nexus  
  28  2:46  Pylon  
  28  2:59  Twilight Council  
  28  3:06  Gateway  
  28  3:11  Gateway  
  28  3:22  Charge  
  28  3:27  Assimilator  
  28  3:28  Probe  
  29  3:40  Probe  
  30  3:54  Probe  
  30  3:55  Probe  
  32  4:07  Probe x2  
  34  4:11  Zealot x2  
  34  4:12  Assimilator  
  34  4:16  Assimilator  
  38  4:19  Probe  
  39  4:29  Pylon  
  39  4:33  Probe  
  39  4:34  Probe  
  39  4:36  Pylon  
  41  4:46  Robotics Facility, Probe x2  
  43  4:58  Probe x2  
  45  5:09  Templar Archives  
  45  5:10  Probe x2  
  47  5:25  Stalker x3  
  53  5:32  Probe  
  53  5:33  Shield Battery  
  53  5:35  Probe  
  53  5:36  Pylon  
  53  5:40  Probe  
  55  5:43  Observer  
  55  5:47  High Templar  
  55  5:48  Probe  
  60  5:53  Probe  
  61  6:00  Probe  
  62  6:05  Probe  
  62  6:06  Zealot x3  
  61  6:23  Zealot  
  55  6:42  Zealot x3  
  59  6:57  Zealot  
  59  6:59  Nexus  
  61  7:05  Pylon  
  61  7:07  Pylon  
  61  7:21  High Templar x4  
  67  7:33  Archon  
  67  7:34  Archon  
  67  7:36  Psionic Storm  
  67  7:41  Probe x2  
  69  7:48  Pylon  
  69  7:50  Pylon  
  69  8:03  Pylon  
  68  8:12  Zealot  
  68  8:13  Zealot x3  
  76  8:21  Probe  
  76  8:22  Probe x2  
  76  8:23  Gateway  
  76  8:25  Gateway  
  76  8:26  Assimilator  
  79  8:28  Gateway  
  79  8:29  Probe  
  79  8:30  Probe, Assimilator  
  81  8:34  Probe  
  81  8:35  Shield Battery  
  81  8:37  Pylon  
  81  8:40  High Templar x3  
  81  8:41  High Templar  
  90  8:46  Probe  
  91  8:53  Archon  
  91  8:54  Archon  
  91  9:00  Pylon  
  91  9:08  Probe x3  
  94  9:10  Forge x2  
  94  9:13  Forge  
  94  9:20  Probe  
  94  9:21  Stalker x4  
  101  9:45  Zealot x6  
  93  10:12  Zealot x6  
  93  10:13  Zealot  
  63  10:35  High Templar x2  
  64  10:36  Zealot x5  
  55  10:52  Immortal  
  59  10:57  Zealot x5  
  59  11:16  Stalker x3  
  59  11:17  Stalker x2  
Tags
 
Add a new tag
Caveats
  • Supply blocks, unpowered buildings, or Contaminate may cause inaccurate times.
  • Supply counts are checked every 10 seconds.